AoeStats
← [CL] Al3jandr0.magn00

Arabia

506714637Analyzed
1v1 RM · 17d ago on Sep 14, 2026· 46m 37s· 2 players
Game mode
Random Map
Map size
Tiny (2 player)
Population
200
Speed
Normal
Resources
Standard
Victory
Conquest
Starting age
Dark Age
Ending age
Imperial Age
RankedLock teamsTeams togetherTeam positionsShared explorationLock speedFull tech treeHidden civsTurbo modeCheats
Victory
Defeat
🇨🇱 Goths · Chile
1981
+10
🇦🇷 Bulgarians · Argentina
1846
-10
[CL] Al3jandr0.magn00
6:39 Loom
9:19 Feudal Age
13:56 Town Watch
17:15 Fletching
19:10 Padded Archer Armor
19:56 Arson
20:12 Scale Mail Armor
21:28 Double-Bit Axe
26:14 Castle Age
24:49 Horse Collar
26:58 Bodkin Arrow
26:24 Elite Skirmisher
27:07 Squires
28:47 Leather Archer Armor
34:27 Wheelbarrow
38:10 Scale Barding Armor
44:50 Bloodlines
HR | Darkjosh89
9:02 Loom
10:48 Feudal Age
11:40 Double-Bit Axe
16:28 Fletching
16:37 Town Watch
24:28 Castle Age
24:30 Crossbowman
25:10 Bodkin Arrow
28:12 Horse Collar
41:34 Wheelbarrow
41:00 Heavy Plow
41:11 Squires
42:16 Bow Saw
42:21 Scale Mail Armor
43:41 Chain Mail Armor
43:52 Pikeman
44:59 Forging
Connection lost

Rejoining the realm…

Still unreachable

The connection could not be restored.

Session expired

The server has moved on; the page needs a fresh start.